 Dungeon Crawl Stone Soup version 0.19-a0-1907-gcff654f (webtiles) character file.

100 kae the Shield-Bearer (level 5, -2/42 HPs)
             Began as a Formicid Fighter on Oct 21, 2016.
             Slain by Crazy Yiuf
             ... wielding a +3 quarterstaff of chaos
              (4 damage)
             ... on level 2 of the Dungeon.
             The game lasted 00:02:44 (1524 turns).

kae the Shield-Bearer (Formicid Fighter)            Turns: 1524, Time: 00:02:44

Health: -2/42      AC:  7    Str: 21    XL:     5   Next: 3%
Magic:  5/5        EV:  8    Int:  8    God:
Gold:   105        SH:  9    Dex: 10    Spells: 0 memorised, 4 levels left

rFire  . . .     SeeInvis +     a - +0 long sword
rCold  . . .     Gourm    .     b - +0 scale mail
rNeg   . . .     Faith    .     c - +0 shield
rPois  .         Spirit   .     (helmet unavailable)
rElec  .         Reflect  .     (no cloak)
rCorr  .         Harm     .     (no gloves)
MR     .....                    (no boots)
Stlth  ..........               (no amulet)
                                (no ring)
                                (no ring)

@: lethally poisoned (-2 -> -8)
A: permanent stasis, dig shafts and tunnels, four strong arms, antennae 3
a: Dig, Shaft Self


You were on level 2 of the Dungeon.
You were not hungry.

You visited 1 branch of the dungeon, and saw 2 of its levels.

You collected 105 gold pieces.

Inventory:

Hand Weapons
 a - a +0 long sword (weapon)
Armour
 b - a +0 scale mail (worn)
 c - a +0 shield (worn)
Jewellery
 j - an uncursed amulet of harm {unknown}
Scrolls
 e - 2 scrolls of amnesia {unknown}
 g - a scroll of teleportation {unknown}
 h - a scroll of immolation {unknown}
 i - a scroll of magic mapping {unknown}
 k - 2 scrolls of noise {unknown}
Potions
 d - a potion of might
Comestibles
 f - 2 bread rations


   Skills:
 + Level 3.8 Fighting
 + Level 3.0 Long Blades
 + Level 4.1 Armour
 + Level 4.6 Shields


You had 4 spell levels left.
You didn't know any spells.

Dungeon Overview and Level Annotations

Branches:
Dungeon (2/15)

Altars:
Ashenzari
Cheibriados
Kikubaaqudgha

Annotations:
D:2 Crazy Yiuf


Innate Abilities, Weirdness & Mutations

You are under a permanent stasis effect.
You can dig through walls and to a lower floor.
Your four strong arms can wield two-handed weapons with a shield.
You have a pair of large antennae on your head. (SInv)


Message History

You hit Crazy Yiuf.
Crazy Yiuf is heavily wounded.
You feel sick.
Crazy Yiuf screams, "Ten bag poople!"
You block Crazy Yiuf's attack. Crazy Yiuf barely misses you.
You riposte.
You closely miss Crazy Yiuf.
Crazy Yiuf is heavily wounded.
You completely miss Crazy Yiuf.
Crazy Yiuf is heavily wounded.
You feel sick.
Crazy Yiuf cries, "Hah!
Citrus hog down."
Crazy Yiuf hits you with a quarterstaff of chaos.
You are electrocuted!
* * * LOW HITPOINT WARNING * * *
You hit Crazy Yiuf.
Crazy Yiuf is severely wounded.
* * * LOW HITPOINT WARNING * * *
You feel sick.
Crazy Yiuf hits you with a quarterstaff of chaos.
You die...

#.##.##.# ####.####
##'## #.......# #.#
####.#### ####.####
#.# #....<... #.#
### #.##.###. #.#
###.#...#..
######.#
#..........
.......##♣♣ ####
###>#...#..
#####.....♣♣
♣♣#..)# #.##.###.
#......♣♣♣♣.@g..#
#........
##......♣..♣#...#
####.####
##....♣.♣♣♣ ####
#.# ## ###♣♣♣♣♣
#.###. #.##..
######## #.##._
.......## #.##..
#..##...###
#############.###.
#...#.....#
##.......##........


You could see Crazy Yiuf.

Vanquished Creatures
  A human zombie (D:2)
  2 adders (D:2)
  A dart slug (D:1)
  3 leopard geckos
  4 bats
  4 giant cockroaches
  6 goblins
  8 hobgoblins
  3 jackals (D:1)
  3 ball pythons
  4 kobolds
  4 rats
43 creatures vanquished.

Vanquished Creatures (others)
  A human (D:2)
1 creature vanquished.

Grand Total: 44 creatures vanquished

Notes
Turn   | Place    | Note
-------+----------+-------------------------------------------
     0 | D:1      | kae the Formicid Fighter began the quest for the Orb.
     0 | D:1      | Reached XP level 1. HP: 18/18 MP: 1/1
     6 | D:1      | Noticed a swamp drake
     6 | D:1      | Noticed a polar bear
     6 | D:1      | Noticed a redback
     6 | D:1      | Noticed a wolf
     6 | D:1      | Noticed a swamp worm
    95 | D:1      | Reached XP level 2. HP: 24/24 MP: 2/2
   369 | D:1      | Reached XP level 3. HP: 29/29 MP: 3/3
   704 | D:2      | Found a runed door.
   737 | D:2      | Found an ancient bone altar of Kikubaaqudgha.
   750 | D:2      | Found a shattered altar of Ashenzari.
   909 | D:2      | Found a snail-covered altar of Cheibriados.
   984 | D:2      | Reached XP level 4. HP: 35/35 MP: 4/4
  1252 | D:2      | Noticed a human
  1252 | D:2      | Killed a human
  1282 | D:2      | Reached XP level 5. HP: 37/42 MP: 5/5
  1518 | D:2      | Noticed Crazy Yiuf
  1524 | D:2      | HP: 2/42 [poisoned by Crazy Yiuf]
  1524 | D:2      | Slain by Crazy Yiuf

Vault maps used:
D:1:      onia_arrival_zoo_common
D:2:      cheibriados_altar_1, evilmike_ruin_ashenzari, first_bread,
          tgw_kikubaaqudgha, uniq_crazy_yiuf_cottage

Skill      XL: |  1  2  3  4 |
---------------+-------------+-----
Shields        | 4 |  4.6
Armour         | 4 |  4.1
Long Blades    | 3 |  3.0
Fighting       | |  3.8

Action                   |  1- 3 |  4- 6 || total
-------------------------+-------+-------++-------
Melee: Long sword        |    82 |    41 ||   123
 Abil: Dig               |     2 |     1 ||     3
  Eat: Bread ration      |       |     1 ||     1
Armor: Scale mail        |    33 |    13 ||    46
Dodge: Dodged            |    21 |    10 ||    31
Block: Shield            |    47 |    20 ||    67
       Rpst.: Long sword |     4 |     6 ||    10
